 Dungeon Crawl Stone Soup version 0.32-a0-540-g866d13106e (webtiles) character file.

Game seed: 3079500031434857968

1680090 pisaster the Wishgranter (level 27, 213/213 HPs)
             Began as a Djinni Air Elementalist on Feb 28, 2024.
             Was the Champion of Elyvilon.
             Escaped with the Orb
             ... and 3 runes on Feb 29, 2024!
             The game lasted 05:26:00 (73336 turns).

pisaster the Wishgranter (Djinni Air Elementalist) Turns: 73336, Time: 05:26:01

Health: 213/213    AC: 16    Str: 15    XL:     27
Gold:   6313       EV: 28    Int: 30    God:    Elyvilon [******] SH:  9 Dex: 21

rFire   + + +        B - staff of air
rCold   . . .        L - +3 warlock's mirror {omnireflect}
rNeg    + . .        C - +3 troll leather armour
rPois   ∞            Q - +2 helmet {Int+3}
rElec   +            d - +2 cloak {rC+}
rCorr   .            v - +2 pair of gloves {Dex+3}
SInv    .            (boots unavailable)
Will    +++..        A - amulet of Zedweevo {+Blink Regen+ Str+3}
Stlth   +            R - ring "Niuwk" {rElec rPois rC+ rN+ Will+}
HPRegen 2.15/turn    I - ring "Niyr" {Fire Str+5}
MPRegen 0.00/turn

%: reflection
@: flying, studying 3 skills
A: sickness immunity, fire resistance 2, cold vulnerability 1, float, innate
caster, HP casting, extra vitality 1
0: Orb of Zot
}: 3/15 runes: decaying, serpentine, silver
a: Renounce Religion, Evoke Blink, Purification, Heal Other, Heal Self, Divine
Vigour


You escaped.
You worshipped Elyvilon.
Elyvilon was exalted by your worship.
You visited 11 branches of the dungeon, and saw 51 of its levels.
You visited 1 ziggurat, and saw 11 of its levels.
You also visited: Gauntlet, Ice Cave and Wizlab.

You collected 10078 gold pieces.
You spent 3765 gold pieces at shops.

Inventory:

Missiles
 h - 3 throwing nets
 O - 20 curare-tipped darts
Armour
 d - a +2 cloak of cold resistance (worn)
 k - the +2 helmet of Ysoac {rElec rPois Stlth-}
   (You found it on level 4 of the Lair of Beasts)

   rElec:     It insulates you from electricity.
   rPois:     It protects you from poison Stlth-: It makes you less stealthy.
 v - a +2 pair of gloves of dexterity (worn)
 C - a +3 troll leather armour (worn)
 E - a +2 cloak of preservation
 L - the +3 warlock's mirror (worn) {omnireflect}
   (You took it off a deep elf pyromancer on level 3 of the Elven Halls)

   Omnireflect: It can block and reflect piercing ranged attacks and magical
   attacks against the wielder's willpower.
 N - a +2 tower shield of cold resistance
 Q - a +2 helmet of intelligence (worn)
Magical Staves
 n - a staff of fire
 B - a staff of air (weapon)
Jewellery
 a - the ring of Bodily Harmony {Fly rN+ SInv}
   (You found it on level 2 of the Swamp)

   [ring of see invisible]

   rN+:       It protects you from negative energy.
   SInv:      It lets you see invisible.
   Fly:       It grants you flight.
 b - the amulet of Honesty {Reflect Harm ^Drain rC+++ Dex+8 SH+5}
   (You found it on level 7 of a ziggurat)

   [amulet of reflection]

   Reflect:   It reflects blocked missile attacks.
   Dex+8:     It affects your dexterity (+8).
   rC+++:     It renders you almost immune to cold.
   ^Drain:    It drains your maximum health when unequipped.
   SH+5:      It affects your SH (+5).
   Harm:      It increases damage dealt and taken.
 i - a +4 ring of protection
 A - the amulet of Zedweevo (around neck) {+Blink Regen+ Str+3}
   (You took it off a vault sentinel on level 5 of the Vaults)

   [amulet of regeneration]

   Str+3:     It affects your strength (+3).
   +Blink:    It lets you blink.
   Regen+:    It increases your rate of health regeneration.
 G - the ring of the Giraffatuar {rC+ rN++ rCorr MP-9 Str+3 Stlth+}
   (You found it on level 3 of the Crypt)

   [ring of resist corrosion]

   Str+3:     It affects your strength (+3).
   rC+:       It protects you from cold.
   rN++:      It greatly protects you from negative energy.
   MP-9:      It affects your magic capacity (-9).
   rCorr:     It protects you from acid and corrosion.
   Stlth+:    It makes you more stealthy.
 I - the ring "Niyr" (right hand) {Fire Str+5}
   (You found it in a Gauntlet)

   [ring of fire]

   Fire:      It enhances your fire magic.
   Str+5:     It affects your strength (+5).
   rF+:       It protects you from fire.
   rC-:       It makes you vulnerable to cold.
 R - the ring "Niuwk" (left hand) {rElec rPois rC+ rN+ Will+}
   (You took it off a deep elf sorcerer on level 3 of the Elven Halls)

   [ring of protection from cold]

   rC+:       It protects you from cold.
   rElec:     It insulates you from electricity.
   rPois:     It protects you from poison rN+: It protects you from negative
   energy.
   Will+:     It increases your willpower.
 U - a +5 ring of evasion
 Y - the ring "Jebaak" {rElec rPois rC++ Slay-5 Stlth+}
   (You found it on level 5 of the Vaults)

   [ring of poison resistance]

   Slay-5:    It affects your accuracy & damage with ranged weapons and melee
   (-5).
   rC++:      It greatly protects you from cold.
   rElec:     It insulates you from electricity.
   rPois:     It protects you from poison Stlth+: It makes you more stealthy.
Wands
 D - a wand of warping (81)
 H - a wand of digging (26)
 J - a wand of quicksilver (36)
 X - a wand of charming (71)
Scrolls
 g - 10 scrolls of enchant armour
 j - 10 scrolls of poison
 l - 4 scrolls of noise
 m - 16 scrolls of teleportation
 q - 6 scrolls of butterflies
 u - 8 scrolls of blinking
 w - 8 scrolls of fear
 S - 10 scrolls of fog
 T - 6 scrolls of silence
 V - 7 scrolls of vulnerability
 Z - 10 scrolls of immolation
Potions
 c - 12 potions of cancellation
 f - 12 potions of mutation
 o - 12 potions of attraction
 p - 10 potions of haste
 r - 8 potions of lignification
 s - 8 potions of ambrosia
 t - 11 potions of heal wounds
 x - 28 potions of curing
 y - 11 potions of brilliance
 z - 2 potions of enlightenment
 F - 5 potions of invisibility
 M - 6 potions of resistance
 W - 3 potions of berserk rage
Miscellaneous
 e - a phantom mirror
 P - a box of beasts


   Skills:
 + Level 22.6 Fighting
 - Level 4.4 Armour
 * Level 21.8 Dodging
 - Level 2.0 Stealth
 - Level 4.0 Shields
 O Level 27 Spellcasting
 O Level 27 Conjurations
 O Level 27 Hexes
   Level 0.0 Charms
 O Level 27 Summonings
 O Level 27 Necromancy
 O Level 27 Translocations
   Level 0.0 Transmutations
 O Level 27 Fire Magic
 O Level 27 Ice Magic
 O Level 27 Air Magic
 O Level 27 Earth Magic
 O Level 27 Alchemy
 + Level 24.4 Invocations
 - Level 5.0 Evocations


You knew the following spells:

 Your Spells              Type           Power      Damage    Failure   Level
a - Shock                 Conj/Air       100%       1d9       0%          1
b - Static Discharge      Conj/Air       100%       3-8/arc   0%          2
c - Swiftness             Air            100%       N/A       0%          3
d - Airstrike             Air            70%        2d(11-27) 0%          4
e - Necrotise             Necr           100%       1d9       0%          1
f - Lesser Beckoning      Tloc           100%       N/A       0%          2
g - Sigil of Binding      Hex            100%       N/A       0%          3
h - Hailstorm             Conj/Ice       100%       3d16      0%          3
i - Martyr's Knell        Necr/Summ      100%       N/A       0%          4
j - Lee's Rapid Deconstr  Erth           58%        3d27*     0%          5
k - Plasma Beam           Fire/Air       83%        2x1d101   0%          6
l - Summon Hydra          Summ           58%        N/A       0%          7
m - Eringya's Noxious Bo  Alch           58%        4d6       0%          6
n - Ignition              Fire           70%        3d19      1%          8
o - Maxwell's Capacitive  Air            70%        ∞         1%          8
p - Chain Lightning       Conj/Air       70%        3d94      1%          9
q - Death's Door          Necr           58%        N/A       1%          9
Your spell library was empty.

Dungeon Overview and Level Annotations

Branches:
Dungeon (15/15)            Temple (1/1) D:7            Lair (5/5) D:10
  Swamp (4/4) Lair:2        Snake (4/4) Lair:2        Slime (0/5) Lair:4
    Orc (2/2) D:11            Elf (3/3) Orc:2        Vaults (5/5) D:13
  Crypt (3/3) Vaults:3       Tomb (0/3) Crypt:3      Depths (4/4) D:15
    Zot (5/5) Depths:4      IceCv (visited)          WizLab (visited)
Gauntlet (visited)

Altars:
Ashenzari
Cheibriados
Dithmenos
Elyvilon
Fedhas
Gozag
Hepliaklqana
Makhleb
Nemelex Xobeh
Okawaru
Qazlal
Ru
Trog
Uskayaw
Wu Jian
Xom
Yredelemnul
Zin
The Shining One
Jiyva

Shops:
D:1 ?::   D:8 (   Orc:2 [*[!   Elf:1 ?   Elf:2 :   Elf:3 *::   Snake:1 *!=[
Snake:2 [   Snake:4 !*   Vaults:1 :   Vaults:3 [   Vaults:5 ?!   Depths:1 :=:?
Depths:4 [[*

Portals:
Hell: Depths:1 Depths:2 Depths:3 Depths:4
Abyss: Depths:1 Depths:3
Pandemonium: Depths:2

Annotations:
Depths:3 36 runed translucent doors


Innate Abilities, Weirdness & Mutations

You are immune to sickness and miasma.
You are immune to poison.
Your flesh is very heat resistant. (rF++)
You are vulnerable to cold. (rC-)
You float through the air rather than walking.
You learn spells naturally, not from books.
Your magical power is your life essence.
You have superior vitality. (+4 MHP)


Message History

The bolt of lightning hits the Executioner!
The Executioner resists.
The Executioner is almost dead.
You feel a strong surge of power!
The bolt of lightning hits the Executioner!!
The Executioner resists.
You kill the Executioner!
HP restored.
There is a stone staircase leading up here.
You fly upwards.
There is a stone staircase leading down here.
There is a stone staircase leading up here.
You fly upwards.
There is a stone staircase leading down here.
There is a stone staircase leading up here.
You fly upwards.
There is a stone staircase leading down here.
Your extra speed is starting to run out.
Things that are here:
a +0 robe; a +0 giant club; the ogre skeleton of Erolcha A ynoxinul comes into view.
You feel a strong surge of power!
The bolt of lightning hits the ynoxinul.
The ynoxinul resists.
The ynoxinul is lightly wounded.
The fiery plasma hits the ynoxinul!!
You kill the ynoxinul!
You feel yourself slow down.
HP restored.
There is a stone staircase leading up here.
You fly upwards.
There is a stone staircase leading down here.
An Orb Guardian comes into view.
You feel a strong surge of power!
The bolt of lightning hits the Orb Guardian!!!!
You kill the Orb Guardian!
You hear a shout!
HP restored.
You see here a +0 short sword.
You see here a +0 robe.
There is a stone staircase leading up here.
You fly upwards.
There is a stone staircase leading down here.
You see here a howler monkey skeleton.
There is a stone staircase leading up here.
You fly upwards.
There is a stone staircase leading down here.
A balrug and 2 sun demons come into view.
Unknown command.
Unknown command.
Casting: Plasma Beam (safe; 0% risk of failure)
Confirm with . or Enter, or press ? or * to list all spells.
You feel a surge of power! Lightning arcs from your hands!
The bolt of lightning hits the sun demon!!!
The sun demon resists.
You kill the sun demon!
The bolt of lightning hits you! You resist.
The bolt of lightning hits the balrug!!!!
You kill the balrug!
The bolt of lightning hits the sun demon!!!
The sun demon resists.
The sun demon is almost dead.
You hear a roar!
You feel a strong surge of power!
The bolt of lightning hits the sun demon!!
The sun demon resists.
You kill the sun demon!
You see here a +0 club.
HP restored.
There is a stone staircase leading up here.
You fly upwards.
There is a stone staircase leading down here.
There is a stone staircase leading up here.
You fly upwards.
There is a stone staircase leading down here.
There is a stone staircase leading up here.
You fly upwards.
There is a stone staircase leading down here.
A chaos spawn comes into view.
You feel a strong surge of power!
The bolt of lightning hits the chaos spawn!!!
You kill the chaos spawn!
The chaos spawn degenerates into a cloud of primal chaos!
HP restored.
You see here a +0 scimitar.
There is a stone staircase leading up here.
You fly upwards.
There is a stone staircase leading down here.
There is a stone staircase leading up here.
You fly upwards.
There is a stone staircase leading down here.
There is a stone staircase leading up here.
You fly upwards.
There is a stone staircase leading down here.
There is an escape hatch in the ceiling here.
A mysterious force pulls you upwards. The hatch slams shut behind you.
Blink to where?
Press: ? - help, Dir - move target
As you read the scroll of blinking, it crumbles to dust.
You have escaped!

####.(.#### #.#
####.........# #.#
.............# #.#
####.........# #.#
##..).....#### #####.##
#...###.....# #......#
......#...#§####'####+#
#...#.#####...........#
##.##.##########@######
#.##..........### #.#
#.##.########.# #.#
##.#...# #.# #.#
.......# #.# #.###
##.....# #.# #...#
###.#.## #.# ###.# #
#.#.# #.# #.# # #.#.##
#.# #.#


There were no monsters in sight!

Vanquished Creatures
  5 dread liches
  4 ancient liches
  4 orbs of fire
  Xtahua (Vaults:2)
  A royal mummy (Crypt:3)
  Josephina (Depths:3)
  Boris (twice) (Depths:4 Crypt:2)
  Bai Suzhen (Crypt:1)
  6 Killer Klowns (Zot:5)
  Saint Roka (Elf:3)
  Margery (Crypt:1)
  5 curse toes
  14 golden dragons
  2 Brimstone Fiends
  A hellephant (Crypt:1)
  3 electric golems
  2 doom hounds (Depths:4)
  9 tentacled monstrosities
  Rupert (D:14)
  2 Hell Sentinels (Zig:5)
  Jorgrun (Swamp:2)
  2 Ice Fiends (Zig:11)
  A Tzitzimitl (D:15)
  27 Orb Guardians
  4 liches
  Asterion (Vaults:3)
  A walking earthen tome (Depths:2)
  10 quicksilver dragons
  A deep elf blademaster (Elf:3)
  3 titans
  Frances (Elf:1)
  2 deep elf master archers (Elf:3)
  11 sphinxes
  Grunn (Depths:4)
  2 ancient champions
  4 acid blobs (Zig:10)
  12 death cobs
  2 Executioners
  2 thorn hunters (Swamp:4)
  Donald (Orc:2)
  4 revenants
  13 storm dragons
  16 shadow dragons
  8 tengu reavers
  9 protean progenitors
  Aizul (Snake:2)
  A rockslime (Zig:10)
  4 azure jellies
  2 fenstrider witches
  4 nagarajas
  The ghost of Voac the Fighter, a journeyman MiAr of the Shining One (Depths:1)
  10 fire giants
  7 draconian monks
  3 draconian shifters
  9 draconian scorchers
  14 vault wardens
  2 deep elf sorcerers
  8 draconian knights
  3 balrugs
  13 frost giants
  9 iron dragons
  10 ghouls
  6 ghost moths
  7 deep elf elementalists (Elf:3)
  25 ironbound preservers
  4 curse skulls
  3 draconian stormcallers
  2 spriggan defenders (Depths:4)
  2 reapers
  4 orc warlords
  7 very ugly things
  8 draconian annihilators
  6 stone giants
  7 vampire knights
  10 ironbound thunderhulks
  A formless jellyfish (Vaults:1)
  A juggernaut skeleton (Depths:1)
  A lorocyproca (Zot:1)
  9 green draconians
  9 deep elf demonologists
  The ghost of Agan the Black Belt, a journeyman MeSh (Lair:4)
  7 black draconians
  2 war gargoyles
  8 deep elf death magi
  6 yellow draconians
  3 eleionomae
  4 bunyips
  23 purple draconians
  6 spark wasps
  12 dire elephants
  15 red draconians
  A minotaur (Gauntlet)
  4 deep elf annihilators
  10 jiangshi
  13 ettins
  Snorg (Orc:2)
  10 white draconians
  An iron golem (Zig:5)
  12 fire dragons
  8 eidola
  4 mummy priests (Crypt:3)
  4 blizzard demons
  11 yaktaur captains
  An entropy weaver (Vaults:2)
  10 deep elf high priests
  A shambling mangrove (Swamp:2)
  11 great orbs of eyes
  2 rakshasas
  4 catoblepae (Lair:5)
  29 hydras
  13 ice dragons
  6 salamander tyrants
  35 vault guards
  15 alligators
  16 ironbound frosthearts
  7 spriggan air magi
  Erolcha (D:11)
  A peacekeeper (Vaults:4)
  3 death knights
  25 two-headed ogres
  7 anacondas
  9 ogre magi
  16 centaur warriors
  3 ghost crabs (Swamp:3)
  5 boulder beetles
  2 tengu warriors (D:15)
  A two-headed ogre (shapeshifter) (Vaults:5)
  8 death yaks
  20 dancing weapons
  4 vampire magi
  5 deep troll shamans
  5 deep troll earth magi
  9 naga warriors
  16 naga sharpshooters
  10 shock serpents
  Urug (Lair:2)
  Sonja (Lair:2)
  2 orc high priests (Zig:9)
  6 spriggan berserkers
  2 sun demons (D:8)
  A soul eater (Crypt:3)
  15 deep elf knights
  8 occultists (Depths:3)
  7 hell knights
  A shadow wraith (Crypt:3)
  18 skeletal warriors
  A salamander mystic (Snake:4)
  An anaconda zombie (Crypt:3)
  7 iron trolls
  3 spriggan druids
  3 orb spiders (Zot:1)
  86 deep trolls
  A sea snake (shapeshifter) (Vaults:5)
  A sea snake (Zot:2)
  A spark wasp zombie (Crypt:2)
  5 goliath frogs
  4 glowing orange brains
  A shadow demon (Zot:1)
  16 swamp dragons
  An orange crystal statue (IceCv)
  4 mana vipers
  12 flayed ghosts
  2 steelbarb worms (shapeshifter) (Vaults:5)
  7 arcanists
  25 lindwurms
  7 deep elf archers
  12 necromancers
  15 bog bodies
  7 thermic dynamos
  14 phantasmal warriors
  22 ironbound convokers
  5 naga ritualists
  An eye of devastation (shapeshifter) (Vaults:5)
  A harpy (Vaults:1)
  An alligator zombie (Crypt:3)
  29 deep elf zephyrmancers
  4 orc sorcerers
  38 ugly things
  30 deep elf pyromancers
  A salamander (shapeshifter) (Depths:2)
  4 cyclopes
  11 orc knights
  A frost giant zombie (Depths:1)
  A sphinx simulacrum (Depths:1)
  4 large abominations
  9 manticores
  7 will-o-the-wisps
  10 salamanders
  A moth of wrath (shapeshifter) (Zig:8)
  25 moths of wrath
  5 kobold blastminers
  30 black mambas
  A guardian serpent (shapeshifter) (D:13)
  A torpor snail (shapeshifter) (Depths:3)
  14 naga magi
  A fire giant skeleton (Depths:1)
  4 rust devils (Depths:4)
  2 ice statues (Depths:3)
  16 elephants
  19 vault sentinels
  4 guardian serpents
  An orange demon (Depths:4)
  2 smoke demons
  9 apocalypse crabs (Zot:4)
  A storm dragon simulacrum (Depths:3)
  7 cane toads
  4 komodo dragons
  Jeremiah (D:8)
  A torpor snail (Zig:5)
  29 yaktaurs
  3 unseen horrors
  3 kobold demonologists
  7 freezing wraiths
  24 rime drakes
  16 tengu conjurers (WizLab)
  Psyche (D:12)
  28 guardian mummies (Crypt:3)
  A queen bee (Gauntlet)
  A yaktaur (shapeshifter) (Vaults:4)
  A minotaur skeleton (Crypt:1)
  A red draconian skeleton (Crypt:3)
  An iron troll skeleton (Crypt:1)
  A golden dragon simulacrum (Depths:3)
  A troll (shapeshifter) (Zig:8)
  An unseen horror skeleton (Crypt:1)
  9 trolls
  A death yak skeleton (Crypt:3)
  A sun moth zombie (Crypt:2)
  2 tarantellas (Zot:1)
  6 tyrant leeches
  3 bloated husks
  16 polar bears
  Prince Ribbit (D:6)
  A wolf spider simulacrum (D:15)
  A tengu simulacrum (Depths:3)
  A culicivora zombie (Crypt:1)
  21 hornets
  3 dream sheep (Lair:4)
  Grinder (D:3)
  11 blink frogs
  4 air elementals
  A jumping spider (Zot:1)
  59 slime creatures
  2 water elementals
  A culicivora (Vaults:2)
  A shadow (D:10)
  12 ushabtiu (Crypt:3)
  2 spriggan skeletons (Depths:1)
  A ynoxinul (D:11)
  56 yaks
  16 spriggans
  Eustachio (D:6)
  4 vampires
  9 wraiths
  5 wyverns
  16 humans (D:13)
  2 black mamba skeletons
  4 wargs
  5 redbacks
  3 basilisks
  16 vampire mosquitoes
  A steam dragon (D:9)
  A chaos spawn (D:5)
  A redback (shapeshifter) (Vaults:5)
  5 spriggan simulacra
  21 swamp worms
  Edmund (D:5)
  51 nagas
  Duvessa (D:7)
  2 fire bat skeletons
  3 acid dragons (D:11)
  6 hell hounds (Elf:1)
  2 nameless horrors
  16 water moccasins
  43 orc warriors
  15 laughing skulls (Crypt:2)
  12 swamp drakes
  2 black bears (D:6)
  5 ice beasts
  2 snapping turtle zombies (Crypt:2)
  21 ogres
  4 boggarts (Vaults:3)
  38 wolves
  20 centaurs
  A dream sheep skeleton (Crypt:1)
  4 kobold brigands
  2 rime drake skeletons
  14 bullfrogs
  5 elf zombies (Elf:1)
  3 earth elementals
  6 gnoll sergeants
  2 scorpions
  An elf skeleton (Crypt:2)
  4 wights (D:9)
  Dowan (D:7)
  A spriggan zombie (Crypt:3)
  21 killer bees
  An electric eel (Lair:2)
  13 howler monkeys
  2 crimson imps (Gauntlet)
  5 jellies
  A bombardier beetle (D:4)
  6 hounds
  28 orc priests
  4 gnoll boudas
  6 iguanas
  A sleepcap (D:8)
  A centaur skeleton (Crypt:3)
  22 orc wizards
  8 statues
  A boggart skeleton (Crypt:2)
  A naga skeleton (Crypt:3)
  A hound skeleton (Crypt:3)
  7 mummies (Crypt:3)
  30 gnolls
  6 adders
  A steam dragon skeleton (Crypt:1)
  A white imp (D:6)
  4 dart slugs
  3 ribbon worms (D:2)
  78 orcs
  5 ball pythons
  10 endoplasms
  9 giant cockroaches
  7 goblins
  4 hobgoblins
  12 kobolds
  3 quokkas
  A bat (D:1)
  A dart slug zombie (Crypt:1)
  An endoplasm zombie (Crypt:3)
  5 frilled lizards
  A kobold skeleton (Crypt:2)
  6 rats
  A rat skeleton (Crypt:2)
  14 aspiring fleshes
  A butterfly (Lair:4)
2577 creatures vanquished.

Vanquished Creatures (collateral kills)
  A deep elf blademaster (Elf:2)
  4 deep elf sorcerers (Elf:3)
  2 deep elf demonologists
  A deep elf annihilator (Elf:3)
  3 dancing weapons
  A deep elf knight (Elf:2)
  A bog body (Swamp:2)
  A thermic dynamo (Elf:2)
  A deep elf archer (Elf:2)
  3 deep elf zephyrmancers (Elf:2)
  2 deep elf pyromancers
  A tyrant leech (Swamp:2)
  A raiju (shapeshifter) (Elf:1)
  An air elemental (Elf:3)
  A water elemental (Elf:3)
24 creatures vanquished.

Vanquished Creatures (others)
  Nessos (D:15)
  2 bunyips (Zig:6)
  2 death yaks
  A skyshark (Lair:4)
  A deep elf zephyrmancer (Elf:2)
  A moth of wrath (Lair:4)
  A will-o-the-wisp (Zig:6)
  A torpor snail (Lair:4)
  A polar bear (Lair:4)
  A bloated husk (Swamp:2)
  A blink frog (Lair:4)
  A redback (Gauntlet)
14 creatures vanquished.

Grand Total: 2615 creatures vanquished

Notes
Turn   | Place    | Note
-------+----------+-------------------------------------------
     0 | D:1      | pisaster the Djinni Air Elementalist began the quest for
                  | the Orb.
     0 | D:1      | pisaster set off with the following spells memorised:
                  | Shock, Static Discharge, Swiftness, Airstrike.
     0 | D:1      | Reached XP level 1. HP: 15/15 MP: 0/0
   217 | D:1      | Reached XP level 2. HP: 21/22 MP: 0/0
   287 | D:1      | Found a faded altar of an unknown god.
   297 | D:1      | Reached skill level 1 in Fighting
   308 | D:1      | Reached XP level 3. HP: 26/27 MP: 0/0
   308 | D:1      | Learned a level 1 spell: Necrotise
   324 | D:1      | Found Decishrea's Book Emporium.
   389 | D:1      | Found Dafiw's Book Emporium.
   797 | D:1      | Found Eplu's Magic Scroll Shop.
   851 | D:2      | Reached XP level 4. HP: 5/33 MP: 0/0
  1733 | D:2      | Reached XP level 5. HP: 37/40 MP: 0/0
  1733 | D:2      | Learned a level 2 spell: Lesser Beckoning
  2477 | D:3      | Noticed Grinder
  2482 | D:3      | Paralysed by Grinder for 5 turns
  2496 | D:3      | Killed Grinder
  2497 | D:3      | Reached XP level 6. HP: 11/47 MP: 0/0
  3261 | D:1      | Bought a scroll of poison for 40 gold pieces
  3261 | D:1      | Bought a scroll of fear for 40 gold pieces
  3418 | D:4      | Reached XP level 7. HP: 51/53 MP: 0/0
  3418 | D:4      | Learned a level 3 spell: Sigil of Binding
  3674 | D:4      | Reached skill level 5 in Spellcasting
  3674 | D:4      | Reached skill level 5 in Conjurations
  3674 | D:4      | Reached skill level 5 in Hexes
  3674 | D:4      | Reached skill level 5 in Summonings
  3674 | D:4      | Reached skill level 5 in Necromancy
  3674 | D:4      | Reached skill level 5 in Translocations
  3674 | D:4      | Reached skill level 5 in Fire Magic
  3674 | D:4      | Reached skill level 5 in Ice Magic
  3674 | D:4      | Reached skill level 5 in Air Magic
  3674 | D:4      | Reached skill level 5 in Earth Magic
  3674 | D:4      | Reached skill level 5 in Alchemy
  4815 | D:1      | Bought a scroll of identify for 20 gold pieces
  4912 | D:5      | Entered Level 5 of the Dungeon
  4981 | D:5      | Reached skill level 5 in Fighting
  5264 | D:5      | Noticed a water moccasin
  5269 | D:5      | Killed a water moccasin
  5270 | D:5      | Reached XP level 8. HP: 42/59 MP: 0/0
  5331 | D:5      | Noticed Edmund
  6891 | D:6      | You are sucked into a shaft and drop 3 floors!
  7010 | D:8      | Found a shadowy altar of Dithmenos.
  7094 | D:7      | Found a large runed translucent door.
  7094 | D:7      | Noticed a two-headed ogre
  7095 | D:7      | Found a large runed translucent door.
  7109 | D:7      | Reached XP level 9. HP: 32/66 MP: 0/0
  7109 | D:7      | Learned a level 3 spell: Hailstorm
  7117 | D:7      | Noticed a two-headed ogre
  7125 | D:7      | Killed a two-headed ogre
  7138 | D:7      | Noticed a deep elf pyromancer
  7541 | D:7      | Killed a deep elf pyromancer
  7542 | D:7      | Reached skill level 5 in Dodging
  7743 | D:7      | Reached XP level 10. HP: 71/75 MP: 0/0
  7909 | D:6      | Noticed Eustachio
  7913 | D:6      | Killed Eustachio
  8114 | D:6      | Noticed Prince Ribbit
  8123 | D:6      | Killed Prince Ribbit
  8706 | D:5      | Killed Edmund
  8828 | D:7      | Found a large runed translucent door.
  8828 | D:7      | Found a large runed translucent door.
  8828 | D:7      | Noticed a komodo dragon
  9293 | D:7      | Noticed Duvessa
  9298 | D:7      | Killed Duvessa
  9299 | D:7      | Noticed Dowan
  9304 | D:7      | Killed Dowan
  9816 | D:7      | Noticed a kobold demonologist
  9834 | D:7      | Killed a kobold demonologist
 10216 | D:7      | Reached XP level 11. HP: 60/84 MP: 0/0
 10216 | D:7      | Learned a level 4 spell: Martyr's Knell
 11149 | D:7      | Found a staircase to the Ecumenical Temple.
 11158 | Temple   | Entered the Ecumenical Temple
 11240 | Temple   | Became a worshipper of Elyvilon the Healer
 11363 | D:8      | Reached skill level 10 in Fighting
 11620 | D:8      | Noticed a four-headed hydra
 11621 | D:8      | Found Daoqaaf's Hydra Hut.
 11658 | D:8      | Noticed Jeremiah
 11666 | D:8      | Killed Jeremiah
 11952 | D:8      | Found a glowing silver altar of Zin.
 12605 | D:8      | Reached * piety under Elyvilon
 13302 | D:9      | Reached ** piety under Elyvilon
 13773 | D:10     | Entered Level 10 of the Dungeon
 13774 | D:10     | Found a bloodstained altar of Trog.
 14692 | D:10     | Found a staircase to the Lair.
 15059 | D:10     | Noticed a deep elf pyromancer
 15061 | D:10     | Noticed a deep elf pyromancer
 15256 | D:10     | Reached *** piety under Elyvilon
 15782 | D:10     | Noticed a deep elf pyromancer
 15793 | D:9      | Reached skill level 1 in Invocations
 16117 | D:10     | Killed a deep elf pyromancer
 16343 | D:10     | Noticed a deep elf pyromancer
 16346 | D:10     | Killed a deep elf pyromancer
 16347 | D:10     | Reached XP level 12. HP: 80/94 MP: 0/0
 16754 | D:10     | Reached skill level 5 in Invocations
 16968 | D:11     | Found a gate leading to a gauntlet.
 16969 | D:11     | Noticed Erolcha
 16974 | D:11     | Killed Erolcha
 17012 | Gauntlet | Entered a Gauntlet
 17012 | Gauntlet | Found a transporter.
 17015 | Gauntlet | Found a large runed translucent door.
 17016 | Gauntlet | Found a large runed translucent door.
 17017 | Gauntlet | Found a large runed translucent door.
 17017 | Gauntlet | Found a large runed translucent door.
 17017 | Gauntlet | Found a runed translucent door.
 17017 | Gauntlet | Found a runed translucent door.
 17018 | Gauntlet | Found a large runed translucent door.
 17019 | Gauntlet | Found a large runed translucent door.
 17020 | Gauntlet | Found a large runed translucent door.
 17020 | Gauntlet | Found a large runed translucent door.
 17020 | Gauntlet | Found a large runed translucent door.
 17020 | Gauntlet | Found a large runed translucent door.
 17020 | Gauntlet | Found a large runed translucent door.
 17020 | Gauntlet | Found a large runed translucent door.
 17021 | Gauntlet | Found a large runed translucent door.
 17021 | Gauntlet | Found a large runed translucent door.
 17022 | Gauntlet | Found a large runed translucent door.
 17022 | Gauntlet | Found a large runed translucent door.
 17024 | Gauntlet | Found a transporter.
 17026 | Gauntlet | Found a transporter.
 17028 | Gauntlet | Found a transporter.
 17039 | Gauntlet | Found a runed translucent gate.
 17039 | Gauntlet | Found a runed translucent gate.
 17039 | Gauntlet | Found a runed translucent gate.
 17041 | Gauntlet | Found a transporter.
 17056 | Gauntlet | Found a transporter.
 17064 | Gauntlet | Found a transporter.
 17079 | Gauntlet | Found a transporter.
 17098 | Gauntlet | Found a transporter.
 17106 | Gauntlet | Noticed a catoblepas
 17107 | Gauntlet | Found a transporter.
 17122 | Gauntlet | Found a transporter.
 17172 | Gauntlet | Found a transporter.
 17182 | Gauntlet | Noticed a death drake
 17184 | Gauntlet | Found a transporter.
 17209 | Gauntlet | Found a transporter.
 17228 | Gauntlet | Found a transporter.
 17230 | Gauntlet | Found a transporter.
 17568 | Gauntlet | Found a transporter.
 17570 | Gauntlet | Identified the +2 pair of boots of Beyond {-Tele Harm
                  | Dex+7}
 17594 | Gauntlet | Found a transporter.
 18074 | Gauntlet | Identified the ring of Doshipta {rN+ Str+5}
 18074 | Gauntlet | Noticed a minotaur
 18087 | Gauntlet | Killed a minotaur
 18097 | Gauntlet | Identified the ring "Niyr" {Fire Str+5}
 18721 | D:11     | Found a staircase to the Orcish Mines.
 18929 | D:11     | Reached skill level 10 in Invocations
 19075 | D:11     | Reached XP level 13. HP: 75/99 MP: 0/0
 19075 | D:11     | Learned a level 5 spell: Lee's Rapid Deconstruction
 19356 | Lair:1   | Entered Level 1 of the Lair of Beasts
 19385 | Lair:1   | Reached **** piety under Elyvilon
 19400 | Lair:1   | Found a transporter.
 19477 | Lair:1   | Reached skill level 10 in Spellcasting
 19477 | Lair:1   | Reached skill level 10 in Conjurations
 19477 | Lair:1   | Reached skill level 10 in Hexes
 19477 | Lair:1   | Reached skill level 10 in Summonings
 19477 | Lair:1   | Reached skill level 10 in Necromancy
 19477 | Lair:1   | Reached skill level 10 in Translocations
 19477 | Lair:1   | Reached skill level 10 in Fire Magic
 19477 | Lair:1   | Reached skill level 10 in Ice Magic
 19477 | Lair:1   | Reached skill level 10 in Air Magic
 19477 | Lair:1   | Reached skill level 10 in Earth Magic
 19477 | Lair:1   | Reached skill level 10 in Alchemy
 20020 | Lair:1   | Found a transporter.
 20373 | Lair:2   | Noticed Sonja
 20375 | Lair:2   | Killed Sonja
 20608 | Lair:2   | Noticed a six-headed hydra
 20609 | Lair:2   | Pacified a six-headed hydra
 22072 | Lair:2   | Reached XP level 14. HP: 78/108 MP: 0/0
 22415 | Lair:2   | Found a staircase to the Snake Pit.
 22582 | Lair:2   | Noticed Urug
 22585 | Lair:2   | Killed Urug
 22673 | Lair:2   | Found a staircase to the Swamp.
 23113 | Lair:3   | Reached ***** piety under Elyvilon
 24399 | Lair:4   | Found a transporter.
 24400 | Lair:4   | Noticed Agan's ghost (journeyman MeSh)
 24430 | Lair:4   | Found a transporter.
 24529 | Lair:4   | Found a viscous altar of Jiyva.
 24530 | Lair:4   | Found a staircase to the Slime Pits.
 24969 | Lair:4   | Killed Agan's ghost
 25007 | Lair:4   | Identified the +2 helmet of Ysoac {rElec rPois Stlth-}
 25023 | Lair:4   | Identified the +1 orcbow of Agony {flame, Str+3}
 25061 | Lair:5   | Entered Level 5 of the Lair of Beasts
 25192 | Lair:5   | Reached XP level 15. HP: 98/116 MP: 0/0
 25192 | Lair:5   | Learned a level 6 spell: Plasma Beam
 25882 | Lair:5   | Identified the ring "Biojeun" {Ice rElec Will- Str+2}
 27047 | D:12     | Noticed Psyche
 27048 | D:12     | Killed Psyche
 27730 | Orc:1    | Entered Level 1 of the Orcish Mines
 28154 | Orc:2    | Entered Level 2 of the Orcish Mines
 28199 | Orc:2    | Noticed Donald
 28202 | Orc:2    | Killed Donald
 28374 | Orc:2    | Found a staircase to the Elven Halls.
 28467 | Orc:2    | Reached XP level 16. HP: 105/122 MP: 0/0
 28506 | Orc:2    | Noticed Snorg
 28508 | Orc:2    | Killed Snorg
 28655 | Orc:2    | Reached ****** piety under Elyvilon
 28790 | Orc:2    | Found Lufoejergh's General Store.
 28790 | Orc:2    | Found Bayfung's Armour Emporium.
 28790 | Orc:2    | Found Cegocosy's Distillery.
 28793 | Orc:2    | Found Razet's Antique Armour Shop.
 29219 | Orc:2    | Bought a potion of brilliance for 48 gold pieces
 29219 | Orc:2    | Bought a potion of brilliance for 48 gold pieces
 29226 | Orc:2    | Bought a pair of embroidered gloves for 210 gold pieces
 29669 | D:13     | Identified the +4 plate armour "Xisuosh" {Dex+5}
 30002 | D:13     | Reached skill level 15 in Spellcasting
 30002 | D:13     | Reached skill level 15 in Conjurations
 30002 | D:13     | Reached skill level 15 in Hexes
 30002 | D:13     | Reached skill level 15 in Summonings
 30002 | D:13     | Reached skill level 15 in Necromancy
 30002 | D:13     | Reached skill level 15 in Translocations
 30002 | D:13     | Reached skill level 15 in Fire Magic
 30002 | D:13     | Reached skill level 15 in Ice Magic
 30002 | D:13     | Reached skill level 15 in Air Magic
 30002 | D:13     | Reached skill level 15 in Earth Magic
 30002 | D:13     | Reached skill level 15 in Alchemy
 30096 | D:13     | Found a gate to the Vaults.
 30392 | D:14     | Noticed Rupert
 30433 | D:14     | Killed Rupert
 30566 | D:14     | Found a bloodstained altar of Trog.
 30916 | D:15     | Entered Level 15 of the Dungeon
 31454 | D:15     | Noticed Nessos
 31455 | D:15     | Pacified Nessos
 31480 | D:15     | Killed Nessos
 31497 | D:15     | Reached skill level 15 in Invocations
 31546 | D:15     | Found a staircase to the Depths.
 31566 | D:15     | Reached XP level 17. HP: 105/129 MP: 0/0
 31566 | D:15     | Learned a level 7 spell: Summon Hydra
 31799 | D:15     | Found a blossoming altar of Fedhas.
 32127 | Snake:1  | Entered Level 1 of the Snake Pit
 32204 | Snake:1  | Found Yhixt's Jewellery Boutique.
 32208 | Snake:1  | Found Ciabim's Armour Shoppe.
 32276 | Snake:1  | Found Piefez Aku's General Store.
 32882 | Snake:1  | Found Wuos's Distillery.
 33607 | Snake:2  | Identified the +7 chain mail of the Buccaneer {rCorr
                  | Stlth+}
 34226 | Snake:2  | Found Pukiung's Armour Shop.
 34320 | Snake:2  | Identified the serpent talisman "Pucw" {Str-3 Dex+6}
 34320 | Snake:2  | Noticed Aizul
 34324 | Snake:2  | Killed Aizul
 34801 | Snake:3  | Reached skill level 15 in Fighting
 35018 | Snake:3  | Reached XP level 18. HP: 133/138 MP: 0/0
 35391 | Snake:4  | Entered Level 4 of the Snake Pit
 36300 | Snake:4  | Found Kosetugi's Distillery.
 36305 | Snake:4  | Found Xoufyoq's General Store.
 36788 | Snake:4  | Noticed a quicksilver dragon
 36804 | Snake:4  | Pacified a quicksilver dragon
 37018 | Snake:4  | Got a serpentine rune of Zot
 37243 | Swamp:1  | Entered Level 1 of the Swamp
 37342 | Swamp:1  | Found a glacial archway.
 37416 | Swamp:1  | Reached skill level 10 in Dodging
 37422 | IceCv    | Entered an ice cave
 37614 | IceCv    | Reached XP level 19. HP: 132/145 MP: 0/0
 37614 | IceCv    | Learned a level 6 spell: Eringya's Noxious Bog
 37712 | IceCv    | Reached skill level 1 in Shields
 37855 | IceCv    | Noticed a shard shrike
 37858 | IceCv    | Pacified a shard shrike
 38294 | Swamp:1  | Identified the +0 cloak of Eternal Vigilance {rC+ MP+9
                  | Int+3}
 38606 | Swamp:1  | Reached skill level 1 in Armour
 38657 | Swamp:2  | Noticed Jorgrun
 38737 | Swamp:2  | Killed Jorgrun
 39342 | Swamp:2  | Found a transporter.
 39368 | Swamp:2  | Found a transporter.
 40568 | Swamp:4  | Entered Level 4 of the Swamp
 40867 | Swamp:4  | Reached XP level 20. HP: 123/153 MP: 0/0
 41938 | Swamp:4  | Identified the +7 chain mail of Majestic Intercession {rF+}
 41941 | Swamp:4  | Got a decaying rune of Zot
 42215 | Elf:1    | Entered Level 1 of the Elven Halls
 42226 | Elf:1    | Noticed Frances
 42231 | Elf:1    | Killed Frances
 42558 | Elf:1    | Found Ewifeowia's Magic Scroll Boutique.
 43111 | Elf:2    | Paralysed by an air elemental for 1 turns
 43274 | Elf:2    | Identified the +1 hand axe "String" {speed, Dex+4}
 43302 | Elf:2    | Reached XP level 21. HP: 139/162 MP: 0/0
 43302 | Elf:2    | Learned a level 8 spell: Ignition
 43375 | Elf:2    | Found Baopt's Book Boutique.
 43498 | Elf:2    | Found a runed translucent gate.
 43498 | Elf:2    | Found a runed translucent gate.
 43504 | Elf:2    | Found a runed translucent gate.
 44327 | Elf:3    | Entered Level 3 of the Elven Halls
 44382 | Elf:3    | Paralysed by an air elemental for 1 turns
 44625 | Elf:3    | Found Orchia Todori's Mass Market.
 44657 | Elf:3    | Noticed Saint Roka
 44660 | Elf:3    | Killed Saint Roka
 44753 | Elf:3    | Found Onobrim's Book Emporium.
 45106 | Elf:3    | Found Node Era's One-of-a-Kind Books.
 45215 | Elf:3    | Identified the ring of Yclazinn {+Blink rPois rF+++ Will-
                  | Str-2}
 45236 | Elf:3    | Identified the ring "Niuwk" {rElec rPois rC+ rN+ Will+}
 45239 | Elf:3    | Identified the +7 morningstar "Xitt" {heavy, MP+9 Str+3}
 45449 | Elf:3    | Identified the +1 long sword of Koirutz {heavy, rF+ rN+
                  | Dex+3}
 45700 | Elf:3    | Identified the +10 orcbow "Vufuuvvi" {flame, rC- Str+5
                  | Int+4}
 45728 | Elf:3    | Identified the staff of Hutti {+Blink rElec rPois Will-
                  | Tloc Air}
 46331 | Swamp:2  | Identified the +0 helmet of Evolution {rElec rF++ Int-2
                  | Dex+3}
 46333 | Swamp:2  | Identified the ring of Bodily Harmony {Fly rN+ SInv}
 46531 | Vaults:1 | Entered Level 1 of the Vaults
 46611 | Vaults:1 | Reached XP level 22. HP: 129/168 MP: 0/0
 47453 | Vaults:1 | Found Fuvu's Book Boutique.
 48224 | Vaults:2 | Noticed Xtahua
 48237 | Vaults:2 | Killed Xtahua
 48419 | Vaults:2 | Reached XP level 23. HP: 155/175 MP: 0/0
 48419 | Vaults:2 | Learned a level 8 spell: Maxwell's Capacitive Coupling
 49118 | Vaults:3 | Found Liumon's Armour Emporium.
 49127 | Vaults:3 | Bought a +2 pair of gloves of dexterity for 236 gold pieces
 49319 | Vaults:3 | Found a staircase to the Crypt.
 49319 | Vaults:3 | Found a basalt altar of Yredelemnul.
 50013 | Vaults:3 | Noticed Asterion
 50015 | Vaults:3 | Killed Asterion
 50553 | Vaults:4 | Reached XP level 24. HP: 177/181 MP: 0/0
 51488 | Vaults:5 | Entered Level 5 of the Vaults
 51492 | Vaults:5 | Noticed a golden dragon
 51492 | Vaults:5 | Noticed an ancient lich
 51765 | Depths:1 | Entered Level 1 of the Depths
 51897 | Depths:1 | Identified the storm talisman "Lithragh" {rC++ Str+5 Dex-3}
 51911 | Depths:1 | You are sucked into a shaft and drop 1 floor!
 51926 | Depths:2 | Found a magical portal.
 51936 | WizLab   | Entered Iskenderun's Mystic Tower
 53260 | Depths:2 | Found a one-way gate leading to the halls of Pandemonium.
 53457 | Depths:1 | Found a one-way gate to the infinite horrors of the Abyss.
 53474 | Depths:1 | Found Nopreyf's Magic Scroll Shoppe.
 53612 | Depths:1 | Bought a scroll of blinking for 75 gold pieces
 53612 | Depths:1 | Bought a scroll of butterflies for 40 gold pieces
 53612 | Depths:1 | Bought a scroll of noise for 10 gold pieces
 53626 | Depths:1 | Found a runed translucent door.
 53626 | Depths:1 | Noticed Voac's ghost (journeyman MiAr)
 53954 | Depths:1 | Found Jegg's Book Boutique.
 53954 | Depths:1 | Found Openay's Jewellery Emporium.
 53956 | Depths:1 | Found Marhajou's Book Boutique.
 54042 | Depths:1 | Reached XP level 25. HP: 161/189 MP: 0/0
 54042 | Depths:1 | Learned a level 9 spell: Chain Lightning
 54091 | Depths:1 | Found a gateway to Hell.
 54508 | Depths:2 | Found a one-way gateway to a ziggurat.
 55205 | Depths:3 | Found a huge runed translucent gate.
 55205 | Depths:3 | Found a huge runed translucent gate.
 55205 | Depths:3 | Found a huge runed translucent gate.
 55205 | Depths:3 | Found a huge runed translucent gate.
 55205 | Depths:3 | Found a huge runed translucent gate.
 55206 | Depths:3 | Found a huge runed translucent gate.
 55207 | Depths:3 | Found a huge runed translucent gate.
 55207 | Depths:3 | Found a huge runed translucent gate.
 55208 | Depths:3 | Found a huge runed translucent gate.
 55208 | Depths:3 | Found a huge runed translucent gate.
 55209 | Depths:3 | Found a huge runed translucent gate.
 55209 | Depths:3 | Found a huge runed translucent gate.
 55209 | Depths:3 | Found a huge runed translucent gate.
 55209 | Depths:3 | Found a huge runed translucent gate.
 55224 | Depths:3 | Found a huge runed translucent gate.
 55225 | Depths:3 | Found a huge runed translucent gate.
 55226 | Depths:3 | Found a huge runed translucent gate.
 55227 | Depths:3 | Found a huge runed translucent gate.
 55228 | Depths:3 | Found a huge runed translucent gate.
 55229 | Depths:3 | Found a huge runed translucent gate.
 55229 | Depths:3 | Found a huge runed translucent gate.
 55317 | Depths:3 | Found a huge runed translucent gate.
 55317 | Depths:3 | Found a huge runed translucent gate.
 55317 | Depths:3 | Found a huge runed translucent gate.
 55318 | Depths:3 | Found a huge runed translucent gate.
 55319 | Depths:3 | Found a huge runed translucent gate.
 55320 | Depths:3 | Found a huge runed translucent gate.
 55354 | Depths:3 | Found a huge runed translucent gate.
 55354 | Depths:3 | Found a huge runed translucent gate.
 55356 | Depths:3 | Found a huge runed translucent gate.
 55362 | Depths:3 | Identified the ring of Fecasy {Ice *Corrode rN+ Int+3 SInv}
 55362 | Depths:3 | Noticed Josephina
 55371 | Depths:3 | Killed Josephina
 55526 | Depths:3 | Found a huge runed translucent gate.
 55527 | Depths:3 | Found a huge runed translucent gate.
 55528 | Depths:3 | Found a huge runed translucent gate.
 55529 | Depths:3 | Found a huge runed translucent gate.
 55530 | Depths:3 | Found a huge runed translucent gate.
 55531 | Depths:3 | Found a huge runed translucent gate.
 55819 | Depths:3 | Reached skill level 15 in Dodging
 56022 | Depths:3 | Noticed an ancient lich
 56022 | Depths:3 | Identified the amulet "Aklaabb Viuw" {Faith rElec}
 56034 | Depths:3 | Killed an ancient lich
 56183 | Depths:4 | Entered Level 4 of the Depths
 56189 | Depths:4 | Noticed Grunn
 56191 | Depths:4 | Identified the +3 robe of Xur Jey {Will+ Dex+3 Slay+4}
 56191 | Depths:4 | Noticed Boris
 56193 | Depths:4 | Killed Grunn
 56197 | Depths:4 | Killed Boris
 56263 | Depths:4 | Identified the ring "Heul Kull" {MP+9 Str+7}
 56518 | Depths:4 | Found Qesuf's Armour Boutique.
 56530 | Depths:4 | Found Jaivelea's Antique Armour Shop.
 56647 | Depths:4 | Found Vacvosm's General Store.
 56688 | Depths:4 | Found a sparkling altar of Nemelex Xobeh.
 56817 | Depths:4 | Reached XP level 26. HP: 129/197 MP: 0/0
 56913 | Depths:4 | Found a gate to the Realm of Zot.
 56973 | Depths:4 | Identified the +3 war axe of Okawaru {flame, ^Fragile rElec
                  | Str+2 Dex+4 SInv}
 57802 | Vaults:5 | Noticed an ancient lich
 58050 | Vaults:5 | Noticed a dread lich
 58055 | Vaults:5 | Killed a dread lich
 58151 | Vaults:5 | Killed an ancient lich
 58182 | Vaults:5 | Killed an ancient lich
 58396 | Vaults:5 | Identified the amulet of Zedweevo {+Blink Regen+ Str+3}
 58480 | Vaults:5 | Reached XP level 27. HP: 185/203 MP: 0/0
 58480 | Vaults:5 | Learned a level 9 spell: Death's Door
 59151 | Vaults:5 | Identified the ring "Jebaak" {rElec rPois rC++ Slay-5
                  | Stlth+}
 59161 | Vaults:5 | Identified the +4 great sword "Bij Moxt" {protect, rF-
                  | Int+4 Stlth+}
 59208 | Vaults:5 | Found Guro's Distillery.
 59208 | Vaults:5 | Found Zecur's Magic Scroll Shop.
 59213 | Vaults:5 | Bought a potion of heal wounds for 110 gold pieces
 59213 | Vaults:5 | Bought a potion of curing for 66 gold pieces
 59213 | Vaults:5 | Bought a potion of cancellation for 176 gold pieces
 59213 | Vaults:5 | Bought a potion of heal wounds for 110 gold pieces
 59220 | Vaults:5 | Bought a scroll of revelation for 150 gold pieces
 59514 | Vaults:5 | Got a silver rune of Zot
 59532 | Vaults:5 | Identified the +4 scimitar "Enan" {drain, rCorr Dex+2}
 59684 | Crypt:1  | Entered Level 1 of the Crypt
 59864 | Crypt:1  | Noticed Margery
 59869 | Crypt:1  | Killed Margery
 60188 | Crypt:1  | Identified the +5 tower shield "Ojuri" {+Blink rN+ Regen+}
 60188 | Crypt:1  | Noticed Mennas
 60276 | Vaults:3 | Pacified Mennas
 60389 | Crypt:1  | Noticed Bai Suzhen
 60393 | Crypt:1  | Killed Bai Suzhen
 60674 | Crypt:2  | Identified the +4 robe of the Pits of Slime {rC+ rN+}
 60674 | Crypt:2  | Noticed Boris
 60678 | Crypt:2  | Killed Boris
 61342 | Crypt:3  | Entered Level 3 of the Crypt
 61944 | Crypt:3  | Found a staircase to the Tomb.
 62435 | Crypt:3  | Identified the +1 orcbow "Womem" {freeze, rF+ rC- rCorr
                  | Str+3}
 62460 | Crypt:3  | Noticed a royal mummy
 62466 | Crypt:3  | Killed a royal mummy
 62653 | Crypt:3  | Found the +6 Majin-Bo {spellvamp, MP+6 Int+6}
 62691 | Crypt:3  | Identified the ring "Ynistuoch" {Fly rN++}
 62691 | Crypt:3  | Identified the ring of the Giraffatuar {rC+ rN++ rCorr MP-9
                  | Str+3 Stlth+}
 62980 | Crypt:3  | Identified the +7 great mace of Ivohobbax {flame, Int+3}
 63000 | Crypt:3  | Identified the +6 arbalest of Jiraocy {drain, rElec}
 63460 | Elf:1    | Bought a scroll of immolation for 48 gold pieces
 63460 | Elf:1    | Bought a scroll of noise for 12 gold pieces
 63545 | Orc:2    | Bought a potion of curing for 36 gold pieces
 63545 | Orc:2    | Bought a potion of curing for 36 gold pieces
 63545 | Orc:2    | Bought a potion of resistance for 120 gold pieces
 63545 | Orc:2    | Bought a potion of heal wounds for 60 gold pieces
 63545 | Orc:2    | Bought a potion of curing for 36 gold pieces
 63545 | Orc:2    | Bought a potion of lignification for 36 gold pieces
 63550 | Orc:2    | Bought a smouldering scale mail for 252 gold pieces
 63550 | Orc:2    | Identified the +6 scale mail of Kathenotheism {MP+9} (You
                  | bought it in a shop on level 2 of the Orcish Mines)
 63840 | D:1      | Bought a scroll of revelation for 75 gold pieces
 63840 | D:1      | Bought a scroll of immolation for 40 gold pieces
 64123 | Snake:1  | Bought a potion of heal wounds for 50 gold pieces
 64123 | Snake:1  | Bought a potion of curing for 30 gold pieces
 64123 | Snake:1  | Bought a potion of lignification for 30 gold pieces
 64123 | Snake:1  | Bought a potion of heal wounds for 50 gold pieces
 64123 | Snake:1  | Bought 2 potions of haste for 200 gold pieces
 64123 | Snake:1  | Bought a potion of curing for 30 gold pieces
 64164 | Snake:1  | Bought a potion of curing for 57 gold pieces
 64251 | Snake:4  | Bought a potion of ambrosia for 96 gold pieces
 64251 | Snake:4  | Bought a potion of brilliance for 48 gold pieces
 64251 | Snake:4  | Bought a potion of heal wounds for 60 gold pieces
 64251 | Snake:4  | Bought a potion of resistance for 120 gold pieces
 64251 | Snake:4  | Bought 2 potions of haste for 240 gold pieces
 64251 | Snake:4  | Bought a potion of curing for 36 gold pieces
 64251 | Snake:4  | Bought a potion of brilliance for 48 gold pieces
 64251 | Snake:4  | Bought a potion of ambrosia for 96 gold pieces
 64251 | Snake:4  | Bought a potion of curing for 36 gold pieces
 64251 | Snake:4  | Bought a potion of lignification for 36 gold pieces
 64255 | Snake:4  | Bought a potion of curing for 42 gold pieces
 64537 | Depths:1 | Killed Voac's ghost
 64543 | Depths:1 | Identified the +1 rapier of Icunecut {venom, Str+6}
 64626 | Zig:1    | Entered Level 1 of a ziggurat
 64641 | Zig:2    | Entered Level 2 of a ziggurat
 64678 | Zig:3    | Entered Level 3 of a ziggurat
 64721 | Zig:4    | Entered Level 4 of a ziggurat
 64727 | Zig:4    | Reached skill level 27 in Spellcasting
 64727 | Zig:4    | Reached skill level 27 in Conjurations
 64727 | Zig:4    | Reached skill level 27 in Hexes
 64727 | Zig:4    | Reached skill level 27 in Summonings
 64727 | Zig:4    | Reached skill level 27 in Necromancy
 64727 | Zig:4    | Reached skill level 27 in Translocations
 64727 | Zig:4    | Reached skill level 27 in Fire Magic
 64727 | Zig:4    | Reached skill level 27 in Ice Magic
 64727 | Zig:4    | Reached skill level 27 in Air Magic
 64727 | Zig:4    | Reached skill level 27 in Earth Magic
 64727 | Zig:4    | Reached skill level 27 in Alchemy
 64764 | Zig:5    | Entered Level 5 of a ziggurat
 64829 | Zig:5    | Identified the +2 leather armour "Ytzot" {Rampage}
 64837 | Zig:6    | Entered Level 6 of a ziggurat
 64861 | Zig:6    | Identified the +7 battleaxe "Kinem" {freeze, rElec rN+
                  | Int-5}
 64881 | Zig:7    | Entered Level 7 of a ziggurat
 64930 | Zig:7    | Identified the amulet of Honesty {Reflect Harm ^Drain rC+++
                  | Dex+8 SH+5}
 64937 | Zig:8    | Entered Level 8 of a ziggurat
 64985 | Zig:9    | Entered Level 9 of a ziggurat
 65046 | Zig:9    | Reached skill level 5 in Evocations
 65064 | Zig:10   | Entered Level 10 of a ziggurat
 65253 | Zig:10   | Identified the +5 quarterstaff of the Head {antimagic,
                  | *Rage rPois rF+++ Stlth-}
 65259 | Zig:10   | Identified the +7 whip of Armageddon {venom, rC+ Dex+4
                  | Stlth+}
 65270 | Zig:11   | Entered Level 11 of a ziggurat
 65673 | Zig:11   | Identified the +5 morningstar of the Mosquito {heavy, Str+8
                  | Dex-5}
 65674 | Zig:11   | Identified the +2 robe "Wepsea" {rN++}
 65676 | Zig:11   | Identified the +5 lajatang of Lies {protect, ^Contam rC+
                  | rCorr Int+3}
 65777 | Depths:4 | Bought a +1 helmet of intelligence for 330 gold pieces
 65832 | Zot:1    | Entered Level 1 of the Realm of Zot
 65852 | Zot:1    | Noticed an orb of fire
 65858 | Zot:1    | Killed an orb of fire
 66331 | Zot:1    | You are sucked into a shaft and drop 1 floor!
 66980 | Zot:1    | Identified the +6 great sword of Xarain {speed, rPois Dex-5
                  | SInv Stlth+}
 69720 | Zot:4    | Identified the +3 scale mail of the Baker {SInv}
 69843 | Zot:5    | Entered Level 5 of the Realm of Zot
 70037 | Zot:5    | Noticed a dread lich
 70039 | Zot:5    | Killed a dread lich
 70039 | Zot:5    | Noticed an orb of fire
 70149 | Zot:5    | Killed an orb of fire
 70153 | Zot:5    | Noticed an orb of fire
 70157 | Zot:5    | Killed an orb of fire
 70164 | Zot:5    | Noticed an orb of fire
 70168 | Zot:5    | Killed an orb of fire
 70218 | Zot:5    | Noticed a dread lich
 70221 | Zot:5    | Killed a dread lich
 70243 | Zot:5    | Noticed a Killer Klown
 70246 | Zot:5    | Killed a Killer Klown
 70422 | Zot:5    | Noticed a Killer Klown
 70424 | Zot:5    | Killed a Killer Klown
 70435 | Zot:5    | Noticed a dread lich
 70438 | Zot:5    | Killed a dread lich
 70447 | Zot:5    | Noticed a Killer Klown
 70450 | Zot:5    | Noticed a Killer Klown
 70453 | Zot:5    | Killed a Killer Klown
 70456 | Zot:5    | Noticed an ancient lich
 70457 | Zot:5    | Killed a Killer Klown
 70532 | Zot:5    | Killed an ancient lich
 71077 | Zot:5    | Noticed a Killer Klown
 71081 | Zot:5    | Killed a Killer Klown
 71554 | Zot:5    | Identified the ring of the Genius {Ice Str+5}
 71897 | Zot:5    | Noticed a Killer Klown
 71901 | Zot:5    | Killed a Killer Klown
 71948 | Zot:5    | Noticed a dread lich
 71950 | Zot:5    | Killed a dread lich
 72794 | Zot:5    | Got the Orb of Zot
 73336 | D:$      | Escaped with the Orb!

Illustrated notes

Levels and vault maps discovered:
D:1:      minmay_arrival_three_doors, layout_loops_ring,
          ebering_ecumenical_altar_hall, serial_shops, nicolae_shop_peninsula,
          nicolae_shop_trees, shop
D:2:      layout_basic, serial_forest, infiniplex_forest_diagonal,
          infiniplex_forest_end_1, infiniplex_forest_corner_1,
          infiniplex_forest_pool, infiniplex_forest_pool,
          infiniplex_forest_clump_cross, infiniplex_forest_clump_tiny,
          infiniplex_forest_lined_room_2, minmay_misc_feat_columns,
          grunt_ministairs_12
D:3:      layout_basic, uniq_grinder
D:4:      layout_gridville, kennysheep_generic_room_6
D:5:      layout_layer_cave, uniq_edmund
D:6:      layout_loops_ring, bh_walls_and_bars, uniq_eustachio,
          uniq_prince_ribbit1
D:7:      lemuel_castle_with_subvaults [lemuel_castle_interior_original],
          layout_cave_pools, temple_hall, minmay_hollow_rounded_squares,
          uniq_duvessa
D:8:      layout_loops_ring, zin_treasury, kennysheep_mini_moat,
          minmay_misc_feat_cross, doesnt_shop_hydraphobe, uniq_jeremiah
D:9:      layout_stronghold
D:10:     layout_loops_corners, lemuel_crystal_altar, hellmonk_lair_entry_icy,
          serial_library, serial_library_hellmonk_big_corner,
          serial_library_regret_index_headful, serial_library_hellmonk_h_bend,
          serial_library_hellmonk_room_b, serial_library_hellmonk_octagon,
          serial_library_regret_index_small_wings, minmay_misc_feat_diagonals
D:11:     layout_roguey, erik_orc_3, gauntlet_entry_generic, uniq_erolcha
D:12:     layout_long_grid, vehumet_statue, uniq_psyche
D:13:     layout_stronghold, grunt_vaults_entry_tiered
D:14:     layout_long_grid, minivault_25, bloody_trog, uniq_rupert
D:15:     hangedman_depths_entry_civil_slaughter, layout_basic, serial_curves,
          eino_curves_02, eino_curves_04, serial_park_tiny_2, fedhas_altar_4,
          uniq_nessos
Temple:   compressed_dpeg_triangle_lava_temple
Lair:1:   gammafunk_cloud_chamber, layout_small_grid, infiniplex_staircase_pool
Lair:2:   layout_layer_cave, nicolae_swamp_entry_splash_gauntlet,
          alex1729_snake_entry_snake, nicolae_lair_lindhole,
          lemuel_fruit_fields, uniq_urug, uniq_sonja
Lair:3:   beargit_carnivore_pack, layout_loops_ring, grunt_megastairs_1,
          serial_bayou_shore_a
Lair:4:   layout_roguey, slime_entry_2, gammafunk_ghost_berserking_beasts,
          lemuel_fruit_fields
Lair:5:   evilmike_catoblepas_cave, layout_cave_shapes, minmay_lindwurm_lava,
          lemuel_fruit_tree, infiniplex_staircase_pool_2
Swamp:1:  layout_falls_marsh, portal_ice_cave_entry_pillars_four,
          nicolae_swamp_very_dense_foliage, nicolae_swamp_tree_isthmus
Swamp:2:  gammafunk_worm_tunnel, layout_falls_marsh, hangedman_swamp_ruin_hall,
          uniq_jorgrun
Swamp:3:  layout_basic_swamp, evilmike_swamp_ruin_house_6, nicolae_swamp_oxbows,
          swamp_pool_5
Swamp:4:  swamp, layout_basic_swamp
Snake:1:  layout_chambers, serial_shops, nicolae_shop_peninsula, shop,
          nicolae_shop_temple_entry_statues_fountains, shop, grunt_megastairs_5
Snake:2:  layout_cave_pods, serial_shops, nicolae_shop_getting_attention,
          uniq_aizul
Snake:3:  layout_onion, special_room
Snake:4:  hellmonk_snake_rune_quicksilver_temple, layout_cave_town,
          minmay_shop_star
Orc:1:    layout_diamond_mine
Orc:2:    st_orc_rangers, layout_caves, kennysheep_orc_sif_temple, uniq_donald,
          uniq_snorg
Elf:1:    eino_elf_arrival_sip, layout_gridlike, serial_shops,
          nicolae_square_shop, special_room [special_room_mythical_zoo],
          minmay_elf_annihilation, wad_floor_pattern_2, minmay_elf_necromancy,
          lemuel_upstairs_altar, uniq_frances
Elf:2:    nicolae_elf_blades_splatter_lattice [mumra_blade_entry_dagger],
          layout_rooms, serial_shops, shop
Elf:3:    minmay_elf_hall_x, layout_rooms, serial_shops,
          nicolae_shop_real_fake_doors, minivault_16, nicolae_rare_books,
          grunt_ministairs_9, minmay_shop_mass, minivault_20, uniq_saint_roka
Vaults:1: hangedman_vaults_restitches, v_misc_5, v_pattern_3, v_misc_28,
          lemuel_ogre_cave, nicolae_vaults_variable_pillar_hall,
          nicolae_vaults_hexular_roomagon, nicolae_vaults_tetromino_T_1,
          nicolae_vaults_cochlea, vaults_mumra_hex,
          nicolae_vaults_surprise_closet, layout_vaults_chaotic_city,
          serial_shops, shop
Vaults:2: nicolae_vaults_trapezoid_layered, vaults_room_semicircle, v_misc_4,
          vaults_room_hallway, v_misc_4, hangedman_vaults_stitches,
          lightli_orcish_oven, nicolae_vaults_rhombus_6,
          layout_vaults_maze_snakey, uniq_xtahua
Vaults:3: hangedman_vaults_stream, serial_library_hellmonk_open_square,
          vaults_dpeg_diagonal, minmay_crypt_entry_necro_gods,
          nicolae_vaults_rhombus_6, v_misc_24, nicolae_vaults_what_the_h,
          nicolae_vaults_trapezoid_2, nicolae_vaults_house_2,
          hangedman_vaults_slice, layout_vaults_omnigrid, serial_shops, shop,
          uniq_asterion
Vaults:4: ontoclasm_vaults_bender, v_misc_30, v_misc_13,
          nicolae_vaults_tetromino_L_2, nicolae_vaults_quartermaster, v_rooms_3,
          dpeg_vaults_monster_box, ontoclasm_vaults_tryst,
          hangedman_vaults_impose, nicolae_vaults_sealed_display,
          vaults_dpeg_spiral, v_misc_29, v_rooms_5, v_misc_19,
          nicolae_vaults_double_plus_3, layout_vaults_omnibox
Vaults:5
Crypt:1:  layout_gridlike, grunt_crypt_arrival_split, uniq_bai_suzhen,
          uniq_mennas, uniq_margery
Crypt:2:  layout_chaotic_city, st_stairs_11, grunt_ministairs_4,
          minmay_strange_pillars
Crypt:3:  due_elkab, layout_chaotic_city
Depths:1: layout_basic, hangedman_abyss_or_decor_stagger,
          ebering_ghost_reflecting_pool, abyss_entry, grunt_metal_band,
          serial_shops, nicolae_shop_peninsula, serial_bayou_pond_a,
          lightli_fourway_metalbox, minmay_shop_grove
Depths:2: minmay_containers, layout_basic, enter_ziggurat_e,
          pf_dread_powers_of_hell, mu_enter_wizlab_2, pan_entry,
          minmay_misc_feat_tower, skrybe_limestone_x
Depths:3: cheibrodos_cascadia, layout_basic, serial_rivers,
          chequers_serial_rivers_micro_d, chequers_serial_rivers_marsh,
          chequers_serial_rivers_micro_e, chequers_serial_rivers_small_a,
          pf_hell_entry_tar_spiral, nicolae_abyss_entry_one_way_or_another,
          door_vault, serial_bayou_shore_b, uniq_josephina
Depths:4: regret_index_infernal_bastille, layout_cave_pools,
          nemelex_spade_bored_becter, hell_entry, serial_shops,
          nicolae_shop_tiny_waterfront, shop, shop, minmay_metal_thing,
          uniq_boris, uniq_grunn
Zot:1:    layout_misc_corridors, skrybe_zot_glass_1, hangedman_spider_trapstep,
          grunt_megastairs_4
Zot:2:    layout_misc_corridors, regret_index_zotdec_slimy_original
Zot:3:    layout_basic, regret_index_zotdec_plus, regret_index_zotdec_iron_s
Zot:4:    gammafunk_mikee_crab_dinner, layout_misc_corridors,
          regret_index_zotdec_carving_tricks
Zot:5:    layout_misc_corridors, regret_index_zotdec_stipple_waver

Skill      XL: |  1  2  3  4  5  6  7  8  9 10 11 12 13 14 15 16 17 18 19 20 21 22 23 24 25 26 27 |
---------------+----------------------------------------------------------------------------------+-----
Fighting       | 1 2 4 5 6 7 9 11 12 13 14 15 16 17 18 19 22 | 22.6
Stealth        | 2 |  2.0
Spellcasting   | 4 5 7 8 9 11 13 15 16 18 20 22 23 24 27 | 27.0
Conjurations   | 4 5 7 8 9 11 13 15 16 18 20 22 23 24 27 | 27.0
Hexes          | 4 5 7 8 9 11 13 15 16 18 20 22 23 24 27 | 27.0
Summonings     | 4 5 7 8 9 11 13 15 16 18 20 22 23 24 27 | 27.0
Necromancy     | 4 5 7 8 9 11 13 15 16 18 20 22 23 24 27 | 27.0
Translocations | 4 5 7 8 9 11 13 15 16 18 20 22 23 24 27 | 27.0
Fire Magic     | 4 5 7 8 9 11 13 15 16 18 20 22 23 24 27 | 27.0
Ice Magic      | 4 5 7 8 9 11 13 15 16 18 20 22 23 24 27 | 27.0
Air Magic      | 4 5 7 8 9 11 13 15 16 18 20 22 23 24 27 | 27.0
Earth Magic    | 4 5 7 8 9 11 13 15 16 18 20 22 23 24 27 | 27.0
Alchemy        | 4 5 7 8 9 11 13 15 16 18 20 22 23 24 27 | 27.0
Dodging        | 6 8 9 10 11 13 15 21 | 21.8
Invocations    | 3 10 12 14 15 16 18 19 20 21 22 24 | 24.4
Shields        | 4 |  4.0
Armour         | 4 |  4.4
Evocations     | 5 |  5.0

Action                     |  1- 3 |  4- 6 |  7- 9 | 10-12 | 13-15 | 16-18 | 19-21 | 22-24 | 25-27 || total
---------------------------+-------+-------+-------+-------+-------+-------+-------+-------+-------++-------
  Melee: Short sword       |       |   252 |     1 |       |       |       |       |       |       ||   253
         Quarterstaff      |       |       |     8 |       |       |       |       |       |       ||     8
         Flail             |       |       |       |    35 |    48 |       |       |       |       ||    83
         Staff             |       |       |       |       |     3 |       |     2 |       |     1 ||     6
  Throw: Throwing net      |       |     1 |       |     1 |       |       |       |       |       ||     2
         Dart              |       |       |       |     2 |       |       |       |       |       ||     2
   Cast: Shock             |    45 |    89 |   169 |   417 |   198 |       |       |       |       ||   918
         Static Discharge  |       |     5 |    20 |    86 |   187 |    12 |     6 |       |       ||   316
         Swiftness         |       |       |     2 |     6 |     2 |     2 |       |       |     2 ||    14
         Necrotise         |       |       |    10 |       |       |       |       |       |       ||    10
         Airstrike         |       |       |     6 |    82 |   141 |    20 |    22 |       |       ||   271
         Hailstorm         |       |       |       |    73 |    60 |     5 |       |     5 |       ||   143
         Lee's Rapid Decon |       |       |       |       |    49 |    23 |   132 |     4 |    12 ||   220
         Plasma Beam       |       |       |       |       |   120 |   500 |   357 |   516 |   901 ||  2394
         Summon Hydra      |       |       |       |       |       |       |    23 |     2 |     1 ||    26
         Eringya's Noxious |       |       |       |       |       |       |     1 |     1 |       ||     2
         Ignition          |       |       |       |       |       |       |     5 |    23 |    91 ||   119
         Maxwell's Capacit |       |       |       |       |       |       |       |     7 |    24 ||    31
         Chain Lightning   |       |       |       |       |       |       |       |       |   184 ||   184
 Invoke: Heal Other        |       |       |       |     4 |    11 |     2 |     3 |       |     3 ||    23
         Heal Self         |       |       |       |     1 |     3 |       |     2 |       |     3 ||     9
         Purification      |       |       |       |       |       |       |       |       |     1 ||     1
  Evoke: Phantom mirror    |       |       |       |       |       |       |       |       |     1 ||     1
    Use: Scroll            |       |     7 |     8 |    16 |     9 |     2 |     3 |     1 |    14 ||    60
         Potion            |       |     1 |     2 |     3 |       |     1 |       |       |    14 ||    21
   Stab: Distracted        |       |       |       |     1 |       |       |       |       |       ||     1
         Sleeping          |       |       |       |     1 |       |       |       |       |       ||     1
 Armour: Robe              |     3 |    10 |    76 |   227 |       |       |    15 |       |       ||   331
         Troll leather arm |       |       |       |    20 |   466 |   126 |   109 |    58 |   207 ||   986
  Dodge: Dodged            |     1 |     6 |    55 |   176 |   327 |   104 |   108 |    45 |   174 ||   996
  Block: Buckler           |       |       |       |       |    69 |    30 |    41 |    24 |   130 ||   294
         Reflection        |       |       |       |       |       |       |     1 |    12 |    64 ||    77

Table legend: (Time is in decaauts)
 A = Elapsed time spent in this place.
 B = Non-inter-level travel time spent in this place.
 C = Inter-level travel time spent in this place.
 D = Time resting spent in this place.
 E = Time spent auto-exploring this place.
 F = Levels seen in this place.
 G = Mean time per level.
                   A        B        C        D        E       F      G
               +--------+--------+--------+--------+--------+-----+--------+
         Total |  73296 |  66098 |   7198 |  21292 |  30981 |  65 | 1127.6 |
       Dungeon |  22963 |  20392 |   2571 |   6999 |  10057 |  15 | 1530.9 |
        Temple |     87 |     83 |      4 |      0 |      0 |   1 |   87.0 |
          Lair |   8013 |   6827 |   1186 |   1817 |   3333 |   5 | 1602.6 |
         Swamp |   4238 |   3905 |    333 |   1823 |   1325 |   4 | 1059.5 |
     Snake Pit |   5301 |   4773 |    528 |   1058 |   2837 |   4 | 1325.2 |
  Orcish Mines |   1848 |   1472 |    376 |    344 |    863 |   2 |  924.0 |
   Elven Halls |   3874 |   3480 |    394 |   1194 |   1443 |   3 | 1291.3 |
        Vaults |   7386 |   6590 |    796 |   1280 |   3840 |   5 | 1477.2 |
         Crypt |   3358 |   3149 |    209 |    946 |   1527 |   3 | 1119.3 |
        Depths |   4900 |   4414 |    486 |    744 |   2800 |   4 | 1225.0 |
           Zot |   7079 |   6768 |    311 |   3125 |   2421 |   5 | 1415.8 |
      Ziggurat |   1058 |   1058 |      0 |    634 |      4 |  11 |   96.2 |
      Ice Cave |    777 |    777 |      0 |    118 |    233 |   1 |  777.0 |
        Wizlab |   1283 |   1283 |      0 |    624 |    266 |   1 | 1283.0 |
      Gauntlet |   1124 |   1124 |      0 |    585 |     32 |   1 | 1124.0 |
               +--------+--------+--------+--------+--------+-----+--------+

Top non-repeatable levels by time:
     D:7: 3014 daAuts
    D:10: 2934 daAuts
   Zot:5: 2807 daAuts
  Lair:2: 2748 daAuts
     D:6: 1867 daAuts
Vaults:5: 1683 daAuts
     D:8: 1656 daAuts
 Crypt:3: 1653 daAuts
     D:9: 1643 daAuts
Vaults:1: 1591 daAuts
 Snake:4: 1572 daAuts
Vaults:4: 1571 daAuts
  Lair:4: 1566 daAuts
Vaults:3: 1563 daAuts
   Elf:3: 1546 daAuts

Action                     |  1- 3 |  4- 6 |  7- 9 | 10-12 | 13-15 | 16-18 | 19-21 | 22-24 | 25-27 || total
---------------------------+-------+-------+-------+-------+-------+-------+-------+-------+-------++-------
  Melee: Short sword       |       |   252 |     1 |       |       |       |       |       |       ||   253
         Quarterstaff      |       |       |     8 |       |       |       |       |       |       ||     8
         Flail             |       |       |       |    35 |    48 |       |       |       |       ||    83
         Staff             |       |       |       |       |     3 |       |     2 |       |     1 ||     6
  Throw: Throwing net      |       |     1 |       |     1 |       |       |       |       |       ||     2
         Dart              |       |       |       |     2 |       |       |       |       |       ||     2
   Cast: Shock             |    45 |    89 |   169 |   417 |   198 |       |       |       |       ||   918
         Static Discharge  |       |     5 |    20 |    86 |   187 |    12 |     6 |       |       ||   316
         Swiftness         |       |       |     2 |     6 |     2 |     2 |       |       |     2 ||    14
         Necrotise         |       |       |    10 |       |       |       |       |       |       ||    10
         Airstrike         |       |       |     6 |    82 |   141 |    20 |    22 |       |       ||   271
         Hailstorm         |       |       |       |    73 |    60 |     5 |       |     5 |       ||   143
         Lee's Rapid Decon |       |       |       |       |    49 |    23 |   132 |     4 |    12 ||   220
         Plasma Beam       |       |       |       |       |   120 |   500 |   357 |   516 |   901 ||  2394
         Summon Hydra      |       |       |       |       |       |       |    23 |     2 |     1 ||    26
         Eringya's Noxious |       |       |       |       |       |       |     1 |     1 |       ||     2
         Ignition          |       |       |       |       |       |       |     5 |    23 |    91 ||   119
         Maxwell's Capacit |       |       |       |       |       |       |       |     7 |    24 ||    31
         Chain Lightning   |       |       |       |       |       |       |       |       |   184 ||   184
 Invoke: Heal Other        |       |       |       |     4 |    11 |     2 |     3 |       |     3 ||    23
         Heal Self         |       |       |       |     1 |     3 |       |     2 |       |     3 ||     9
         Purification      |       |       |       |       |       |       |       |       |     1 ||     1
  Evoke: Phantom mirror    |       |       |       |       |       |       |       |       |     1 ||     1
    Use: Scroll            |       |     7 |     8 |    16 |     9 |     2 |     3 |     1 |    14 ||    60
         Potion            |       |     1 |     2 |     3 |       |     1 |       |       |    14 ||    21
   Stab: Distracted        |       |       |       |     1 |       |       |       |       |       ||     1
         Sleeping          |       |       |       |     1 |       |       |       |       |       ||     1
 Armour: Robe              |     3 |    10 |    76 |   227 |       |       |    15 |       |       ||   331
         Troll leather arm |       |       |       |    20 |   466 |   126 |   109 |    58 |   207 ||   986
  Dodge: Dodged            |     1 |     6 |    55 |   176 |   327 |   104 |   108 |    45 |   174 ||   996
  Block: Buckler           |       |       |       |       |    69 |    30 |    41 |    24 |   130 ||   294
         Reflection        |       |       |       |       |       |       |     1 |    12 |    64 ||    77

Table legend: (Time is in decaauts)
 A = Elapsed time spent in this place.
 B = Non-inter-level travel time spent in this place.
 C = Inter-level travel time spent in this place.
 D = Time resting spent in this place.
 E = Time spent auto-exploring this place.
 F = Levels seen in this place.
 G = Mean time per level.
                   A        B        C        D        E       F      G
               +--------+--------+--------+--------+--------+-----+--------+
         Total |  73296 |  66098 |   7198 |  21292 |  30981 |  65 | 1127.6 |
       Dungeon |  22963 |  20392 |   2571 |   6999 |  10057 |  15 | 1530.9 |
        Temple |     87 |     83 |      4 |      0 |      0 |   1 |   87.0 |
          Lair |   8013 |   6827 |   1186 |   1817 |   3333 |   5 | 1602.6 |
         Swamp |   4238 |   3905 |    333 |   1823 |   1325 |   4 | 1059.5 |
     Snake Pit |   5301 |   4773 |    528 |   1058 |   2837 |   4 | 1325.2 |
  Orcish Mines |   1848 |   1472 |    376 |    344 |    863 |   2 |  924.0 |
   Elven Halls |   3874 |   3480 |    394 |   1194 |   1443 |   3 | 1291.3 |
        Vaults |   7386 |   6590 |    796 |   1280 |   3840 |   5 | 1477.2 |
         Crypt |   3358 |   3149 |    209 |    946 |   1527 |   3 | 1119.3 |
        Depths |   4900 |   4414 |    486 |    744 |   2800 |   4 | 1225.0 |
           Zot |   7079 |   6768 |    311 |   3125 |   2421 |   5 | 1415.8 |
      Ziggurat |   1058 |   1058 |      0 |    634 |      4 |  11 |   96.2 |
      Ice Cave |    777 |    777 |      0 |    118 |    233 |   1 |  777.0 |
        Wizlab |   1283 |   1283 |      0 |    624 |    266 |   1 | 1283.0 |
      Gauntlet |   1124 |   1124 |      0 |    585 |     32 |   1 | 1124.0 |
               +--------+--------+--------+--------+--------+-----+--------+

Top non-repeatable levels by time:
     D:7: 3014 daAuts
    D:10: 2934 daAuts
   Zot:5: 2807 daAuts
  Lair:2: 2748 daAuts
     D:6: 1867 daAuts
Vaults:5: 1683 daAuts
     D:8: 1656 daAuts
 Crypt:3: 1653 daAuts
     D:9: 1643 daAuts
Vaults:1: 1591 daAuts
 Snake:4: 1572 daAuts
Vaults:4: 1571 daAuts
  Lair:4: 1566 daAuts
Vaults:3: 1563 daAuts
   Elf:3: 1546 daAuts
